 Dungeon Crawl Stone Soup version 0.28-a0-821-g923ab73998 (webtiles) character file.

Game seed: 13503072731501418845

4 IndexError the Caller (level 1, -2/13 HPs)
             Began as a Gnoll Summoner on Nov 9, 2021.
             Slain by a quokka (4 damage)
             ... on level 1 of the Dungeon.
             The game lasted 00:00:34 (146 turns).

IndexError the Caller (Gnoll Summoner)               Turns: 146, Time: 00:00:35

Health: -2/13      AC:  2    Str:  7    XL:     1   Next: 60%
Magic:  4/6        EV: 13    Int: 14    God:
Gold:   0          SH:  0    Dex: 12    Spells: 8/9 levels left

rFire   . . .      SeeInvis .   e - +0 club
rCold   . . .      Faith    .   (no shield)
rNeg    . . .      Spirit   .   a - +0 robe
rPois   .          Reflect  .   (no helmet)
rElec   .          Harm     .   (no cloak)
rCorr   .          Rampage  .   (no gloves)
Will    .....                   (no boots)
Stlth   ++........              (no amulet)
HPRegen 0.04/turn               (no ring)
MPRegen 0.10/turn               (no ring)

@: no status effects
A: fangs 1, strong nose, distributed training
a: no special abilities


You were on level 1 of the Dungeon.
You visited 1 branch of the dungeon, and saw 1 of its levels.

Inventory:

Hand Weapons
 e - a +0 club (weapon)
   (You took it off a goblin on level 1 of the Dungeon)
Missiles
 d - 3 datura-tipped darts
Armour
 a - a +0 robe (worn)
Scrolls
 c - a scroll of torment {unknown}
Potions
 b - a potion of berserk rage {unknown}


   Skills:
 + Level 0.1 Fighting
 + Level 0.1 Short Blades
 + Level 0.1 Long Blades
 + Level 0.1 Axes
 + Level 0.1 Maces & Flails
 + Level 0.1 Polearms
 + Level 0.1 Staves
 + Level 0.1 Slings
 + Level 0.1 Bows
 + Level 0.1 Crossbows
 + Level 0.1 Throwing
 + Level 0.1 Armour
 + Level 4.4 Dodging
 + Level 4.0 Stealth
 + Level 0.1 Shields
 + Level 0.1 Unarmed Combat
 + Level 4.9 Spellcasting
 + Level 0.1 Conjurations
 + Level 0.1 Hexes
 + Level 7.0 Summonings
 + Level 0.1 Necromancy
 + Level 0.1 Translocations
 + Level 0.1 Transmutations
 + Level 0.1 Fire Magic
 + Level 0.1 Ice Magic
 + Level 0.1 Air Magic
 + Level 0.1 Earth Magic
 + Level 0.1 Poison Magic
 + Level 0.2 Invocations
 + Level 0.1 Evocations


You had 8 spell levels left.
You knew the following spells:

 Your Spells              Type           Power      Damage    Failure   Level
a - Summon Small Mammal   Summ           92%        N/A       1%          1

Your spell library contained the following spells:

 Spells                   Type           Power      Damage    Failure   Level
 Call Imp                 Summ           23%        N/A       1%          2
 Call Canine Familiar     Summ           23%        N/A       3%          3
 Summon Guardian Golem    Hex/Summ       13%        N/A       12%         3
 Summon Lightning Spire   Summ/Air       13%        N/A       38%         4


Dungeon Overview and Level Annotations

Branches:
Dungeon (1/15)

Altars:


Innate Abilities, Weirdness & Mutations

You have very sharp teeth.
Your uncanny sense of smell can sniff out nearby items.
Your experience applies equally to all skills.


Message History

e - a +0 club You see here a goblin corpse.
MP restored: 6 Drop what? 5/52 slots (_ for help) (? for menu, Esc to quit)
Okay, then.
e - a +0 club (weapon)
Your quokka disappears in a puff of smoke!
HP restored.
An endoplasm comes into view.
Health restored: 13
Casting: Summon Small Mammal (safe; 1% risk of failure)
Confirm with . or Enter, or press ? or * to list all spells.
You now have 5/6 mp.
Casting: Summon Small Mammal (safe; 1% risk of failure)
Confirm with . or Enter, or press ? or * to list all spells.
You now have 4/6 mp.
You swap places.
A giant cockroach comes into view.
The helpless endoplasm fails to defend itself.
You hit the endoplasm. The endoplasm misses you.
You swap places.
Your bat hits the endoplasm but does no damage.
The endoplasm hits your bat.
Your bat barely misses the endoplasm.
Your bat hits the endoplasm but does no damage.
Your quokka bites the endoplasm.
What are your orders? t - Bark!
Orders for allies: a - Attack new target. r - Retreat! s - Stop attacking. g - Guard the area. f - Follow me.
Anything else - Cancel.
Gang up on whom?
Press: ? - help, Dir - move target, f - endoplasm
Aim: an endoplasm (severely wounded, ally target) Attack!
Your bat hits the endoplasm. The endoplasm barely misses your bat.
Your quokka bites the endoplasm.
A quokka comes into view.
The giant cockroach closely misses you.
You barely miss the giant cockroach. The giant cockroach closely misses you.
The giant cockroach bites you.
You take 1 damage, and have 12/13 hp.
You barely miss the giant cockroach. The giant cockroach closely misses you.
You swap places.
Your bat hits the giant cockroach but does no damage.
Your bat hits the giant cockroach.
The giant cockroach barely misses your bat.
The giant cockroach bites your bat.
MP restored: 6 You swap places.
Your bat hits the giant cockroach but does no damage.
Your bat hits the giant cockroach. The giant cockroach bites your bat.
Your bat's corpse disappears in a puff of smoke!
The giant cockroach bites your quokka.
Your quokka closely misses the giant cockroach.
Unknown command.
The giant cockroach bites your quokka but does no damage.
Your quokka bites the giant cockroach.
The giant cockroach completely misses your quokka.
Your quokka bites the giant cockroach.
The giant cockroach bites your quokka but does no damage.
Your quokka closely misses the giant cockroach.
The giant cockroach closely misses your quokka.
Your quokka bites the giant cockroach but does no damage.
The giant cockroach closely misses your quokka.
Your quokka bites the giant cockroach but does no damage.
The giant cockroach misses your quokka.
Your quokka bites the giant cockroach.
What are your orders? t - Bark!
Orders for allies: a - Attack new target. r - Retreat! s - Stop attacking. g - Guard the area. f - Follow me.
Anything else - Cancel.
Gang up on whom?
Press: ? - help, Dir - move target, f - quokka
Aim: a quokka Attack!
Your quokka disappears in a puff of smoke!
Casting: Summon Small Mammal (safe; 1% risk of failure)
Confirm with . or Enter, or press ? or * to list all spells.
The quokka bites you.
You take 4 damage, and have 8/13 hp.
MASSIVE DAMAGE!!
You now have 5/6 mp.
Casting: Summon Small Mammal (safe; 1% risk of failure)
Confirm with . or Enter, or press ? or * to list all spells.
The quokka misses you. The quokka bites you.
You take 3 damage, and have 5/13 hp.
MASSIVE DAMAGE!!
You now have 4/6 mp.
You hit the quokka but do no damage.
Your bat hits the quokka but does no damage.
Your bat barely misses the quokka.
Your quokka bites the quokka but does no damage.
The quokka bites you but does no damage.
Your bat hits the quokka.
Your quokka closely misses the quokka.
Your bat hits the quokka but does no damage.
The quokka barely misses you.
Your quokka completely misses the quokka.
Your bat barely misses the quokka.
The quokka bites you.
* * * LOW HITPOINT WARNING * * *
You take 3 damage, and have 2/13 hp.
MASSIVE DAMAGE!!
Your quokka barely misses the quokka.
The quokka bites you.
You die...

### ### ..# ############.#
..###8##8##8##8#.##
..................#
..............†...#
..................#
..................#
..................#
..###8##8##8##8#@.# ..#
############.r###########.#.
### ##.r.b........(.. #
####....#####.#. #.#$.#
#.#..# ∆ #†#.... ∆ #.#.[###
#.#..#


You could see a quokka (ally target) and a friendly quokka (summoned).

Vanquished Creatures
  A goblin (D:1)
1 creature vanquished.

Vanquished Creatures (collateral kills)
  An endoplasm (D:1)
  A giant cockroach (D:1)
2 creatures vanquished.

Grand Total: 3 creatures vanquished

Notes
Turn   | Place    | Note
-------+----------+-------------------------------------------
     0 | D:1      | IndexError the Gnoll Summoner began the quest for the Orb.
     0 | D:1      | Reached XP level 1. HP: 13/13 MP: 6/6
   144 | D:1      | HP: 2/13 [quokka (3)]
   146 | D:1      | Slain by a quokka

Illustrated notes

Levels and vault maps discovered:
D:1:      psy_arrival_heroes, layout_loops_ring, basic_ecumenical_altar,
          minmay_cut_off

Action                   || total
-------------------------++-------
Melee: Club              ||     4
       Unarmed           ||     4
       Bite              ||     1
 Cast: Summon Small Mamm ||     5
 Stab: Sleeping          ||     1
Armor: Robe              ||     2
Dodge: Dodged            ||     7

Table legend: (Time is in decaauts)
 A = Elapsed time spent in this place.
 B = Non-inter-level travel time spent in this place.
 C = Inter-level travel time spent in this place.
 D = Time resting spent in this place.
 E = Time spent auto-exploring this place.
 F = Levels seen in this place.
 G = Mean time per level.
                   A        B        C        D        E       F      G
               +--------+--------+--------+--------+--------+-----+--------+
         Total |    146 |    146 |      0 |      0 |     91 |   1 |  146.0 |
       Dungeon |    146 |    146 |      0 |      0 |     91 |   1 |  146.0 |
               +--------+--------+--------+--------+--------+-----+--------+

Top non-repeatable levels by time:
     D:1: 146 daAuts

Table legend:
 A = Kills in this place as a percentage of kills in entire the game.
 B = Kills by you in this place as a percentage of kills by you in the entire game.
 C = Kills by friends in this place as a percentage of kills by friends in the entire game.
 D = Other kills in this place as a percentage of other kills in the entire game.
 E = Experience gained in this place as a percentage of experience gained in the entire game.
 F = Experience gained in this place divided by the number of levels of this place that you have seen.
                   A       B       C       D       E      F
               +-------+-------+-------+-------+-------+----------------------
         Total | 100.0 | 100.0 | 100.0 |   N/A | 100.0 |   6.0
       Dungeon | 100.0 | 100.0 | 100.0 |   N/A | 100.0 |   6.0
               +-------+-------+-------+-------+-------+----------------------
